 Dungeon Crawl Stone Soup version 0.30-a0-1018-g25214051b3 (webtiles) character file.

Game seed: 2332000355582176045

1642 Zeldest the Cleaver (level 8, 0/71 HPs)
             Began as a Yellow Draconian Reaver on Apr 8, 2023.
             Was an Initiate of Ru.
             Succumbed to a gnoll sergeant's poison
             ... on level 7 of the Dungeon.
             The game lasted 00:07:49 (4586 turns).

Zeldest the Cleaver (Yellow Draconian Reaver)       Turns: 4586, Time: 00:07:50

Health: 0/71       AC:  7    Str: 18    XL:     8   Next: 67%
Magic:  12/12      EV: 16    Int: 13    God:    Ru [......]
Gold:   205        SH:  6    Dex:  9    Spells: 10/11 levels left

rFire   . . .      SeeInvis .    e - +1 war axe (heavy)
rCold   . . .      Faith    .    g - +0 kite shield
rNeg    . . .      Spirit   .    (body armour unavailable)
rPois   .          Reflect  .    (helmet restricted)
rElec   .          Rampage  .    (no cloak)
rCorr   +                        m - +0 pair of gloves
Will    .....                    (no boots)
Stlth   +                        f - amulet of the acrobat
HPRegen 0.31/turn                c - +5 ring of evasion
MPRegen 0.13/turn                (no ring)

@: lethally poisoned (0 -> -14), short of breath
A: spit acid, AC +6, unfitting armour, cold-blooded, acid resistance, talons 1,
high MP 1
a: Breathe Acid, Renounce Religion


You were on level 7 of the Dungeon.
You worshipped Ru.
Ru was noncommittal.
You visited 1 branch of the dungeon, and saw 7 of its levels.

You collected 205 gold pieces.

Inventory:

Hand Weapons
 a - a +0 hand axe
 e - a +1 heavy war axe (weapon)
Armour
 g - a +0 kite shield (worn)
 m - a +0 pair of gloves (worn)
Jewellery
 c - a +5 ring of evasion (left hand)
 f - an amulet of the acrobat (around neck)
Wands
 b - a wand of flame (7)
 d - a wand of roots (9)
 j - a wand of acid (8)
Scrolls
 h - a scroll of teleportation
 i - 3 scrolls of fog
 l - a scroll of silence {unknown}
 r - a scroll of enchant weapon
 s - a scroll of immolation {unknown}


   Skills:
 + Level 6.3 Fighting
 * Level 8.4 Axes
 + Level 5.3 Dodging
 - Level 2.0 Spellcasting
 - Level 3.0 Conjurations


You had 10 spell levels left.
You knew the following spells:

 Your Spells              Type           Power      Damage    Failure   Level
a - Kiss of Death         Conj/Necr      20%        2d7       45%         1

Your spell library contained the following spells:

 Spells                   Type           Power      Damage    Failure   Level
 Momentum Strike          Conj/Tloc      10%        3d8       58%         2
 Apportation              Tloc           2%         N/A       67%         1
 Slow                     Hex            4%         N/A       67%         1
 Hailstorm                Conj/Ice       5%         3d4       83%         3
 Confusing Touch          Hex            1%         N/A       95%         3
 Ozocubu's Armour         Ice            1%         N/A       95%         3
 Vampiric Draining        Necr           1%         2d6       95%         3
 Alistair's Intoxication  Tmut/Pois      0%         N/A       100%        5
 Ozocubu's Refrigeration  Ice            0%         4d7       100%        7


Dungeon Overview and Level Annotations

Branches:
Dungeon (7/15) Zot: 26920  Temple (0/1) D:6

Altars:
Kikubaaqudgha
Nemelex Xobeh
Ru
Sif Muna
Trog
Uskayaw

Shops:
D:6 *

Annotations:
D:4 Dowan, Duvessa, Edmund
D:6 2 transporters, bande's ghost, novice GrFi


Innate Abilities, Weirdness & Mutations

You can spit globs of acid.
Your golden yellow scales are hard. (AC +6)
You cannot fit into any form of body armour.
You are cold-blooded and may be slowed by cold attacks.
You are resistant to acid. (rCorr)
You have sharp toenails.
You have an increased reservoir of magic. (+10% MP)


Message History

The gnoll struggles to escape constriction.
The gnoll hits you but does no damage.
The gnoll sergeant hits you from afar with a +1 spear of venom.
You are poisoned.
The gnoll struggles to escape constriction.
The gnoll sergeant hits you from afar with a +1 spear of venom.
* * * LOW HITPOINT WARNING * * *
You are lethally poisoned!
A shadow imp comes into view.
You block the gnoll's attack.
You feel yourself speed up.
The grasping roots constrict the gnoll sergeant, but do no damage.
The grasping roots constrict the gnoll!
You kill the gnoll!
The grasping roots constrict the gnoll!
You kill the gnoll!
* * * LOW HITPOINT WARNING * * *
You feel extremely sick.
The roots release their grip on the gnoll sergeant.
Aiming: Corrosive Bolt
Press: ? - help, Shift-Dir - straight line, f/p - gnoll sergeant
Aim: a gnoll sergeant, wielding a +1 spear of venom and wearing a +0 scale mail (lightly wounded, 79% to hit)
The bolt of acid misses the gnoll sergeant.
* * * LOW HITPOINT WARNING * * *
You feel very sick.
The gnoll sergeant hits you from afar with a +1 spear of venom.
* * * LOW HITPOINT WARNING * * *
You are more poisoned.
It was a potion of lignification.
You turn into a tree.
Your +0 pair of gloves melds into your body.
Your roots penetrate the ground.
* * * LOW HITPOINT WARNING * * *
You feel very sick.
The gnoll sergeant hits you but does no damage.
It was a potion of cancellation.
Your magical effects are unravelling.
You feel magically purged.
You feel less wooden.
Your +0 pair of gloves unmelds from your body.
You die...

. #
...###########.#
...5.))).......#
.....)gg@...######
..#########......#
#......# #......#
#......# #......#
#######......#
#............#
#............#


You could see a gnoll sergeant, a gnoll and a shadow imp.

Vanquished Creatures
  Sigmund (D:2)
  An ice beast (D:6)
  2 ogres
  2 centaurs (D:6)
  A phantom (D:4)
  2 kobold brigands
  5 scorpions
  3 hounds
  2 jellies (D:5)
  3 sleepcaps
  An iguana (D:6)
  4 orc wizards
  2 gnolls (D:7)
  5 adders
  2 shadow imps
  A white imp (D:5)
  4 worms
  3 dart slugs
  8 orcs
  7 ball pythons
  5 endoplasms
  2 giant cockroaches
  11 goblins
  4 hobgoblins
  7 jackals
  19 kobolds
  A quokka (D:1)
  3 bats
  2 frilled lizards (D:1)
  4 rats
117 creatures vanquished.

Notes
Turn   | Place    | Note
-------+----------+-------------------------------------------
     0 | D:1      | Zeldest the Draconian Reaver began the quest for the Orb.
     0 | D:1      | Reached XP level 1. HP: 17/17 MP: 3/3
   240 | D:1      | Reached XP level 2. HP: 25/25 MP: 5/5
   881 | D:2      | Reached XP level 3. HP: 30/30 MP: 6/6
  1288 | D:2      | Noticed Sigmund
  1303 | D:2      | Killed Sigmund
  1304 | D:2      | Reached skill level 4 in Axes
  1304 | D:2      | Reached XP level 4. HP: 14/40 MP: 7/7
  1304 | D:2      | Reached XP level 5. HP: 17/46 MP: 8/8
  1528 | D:2      | Reached skill level 5 in Axes
  2142 | D:4      | Noticed a phantom
  2157 | D:4      | Killed a phantom
  2158 | D:4      | Reached XP level 6. HP: 42/52 MP: 9/9
  2198 | D:4      | Noticed Duvessa
  2200 | D:4      | Noticed Dowan
  2206 | D:4      | Noticed Edmund
  2464 | D:5      | Entered Level 5 of the Dungeon
  2628 | D:5      | Reached skill level 6 in Axes
  2646 | D:5      | Your scales start taking on a golden yellow colour.
  2646 | D:5      | Reached XP level 7. HP: 60/60 MP: 10/10
  2646 | D:5      | Gained mutation: You are resistant to acid. (rCorr) [Yellow
                  | Draconian growth]
  2913 | D:5      | Reached skill level 5 in Fighting
  2914 | D:5      | Found a sacrificial altar of Ru.
  2914 | D:5      | Found an ancient bone altar of Kikubaaqudgha.
  2937 | D:5      | Found a hide-covered altar of Uskayaw.
  2939 | D:5      | Found a shimmering blue altar of Sif Muna.
  2942 | D:5      | Found a bloodstained altar of Trog.
  2945 | D:5      | Became a worshipper of Ru the Awakened
  3030 | D:5      | Gained mutation: You have sharp toenails. [potion of
                  | mutation]
  3030 | D:5      | Gained mutation: You have an increased reservoir of magic.
                  | (+10% MP) [potion of mutation]
  3427 | D:6      | Found a sparkling altar of Nemelex Xobeh.
  3592 | D:6      | Reached skill level 7 in Axes
  3724 | D:6      | Reached XP level 8. HP: 69/69 MP: 12/12
  3872 | D:6      | Reached skill level 5 in Dodging
  3878 | D:6      | Reached skill level 8 in Axes
  3944 | D:6      | Found a transporter.
  3946 | D:6      | Found a transporter.
  3949 | D:6      | Noticed bande's ghost (novice GrFi)
  4005 | D:6      | Found a staircase to the Ecumenical Temple.
  4410 | D:6      | Found Hoycwir's Neck Hole.
  4585 | D:7      | HP: 5/106 [poisoned by a gnoll sergeant]
  4586 | D:7      | Succumbed to a gnoll sergeant's poison

Illustrated notes

Levels and vault maps discovered:
D:1:      dpeg_arrival_lava_altar, layout_loops_ring, minmay_misc_feat_alley
D:2:      kb_forest_paths, layout_basic, uniq_sigmund
D:3:      layout_basic
D:4:      layout_rooms, grunt_decor_resistance, uniq_eustachio, uniq_edmund,
          uniq_menkaure, uniq_duvessa
D:5:      layout_gridville, grunt_temple_overflow_open
D:6:      layout_loops_ring, nicolae_overflow_hidden_temple, temple_pool_b,
          gammafunk_ghost_hive, minmay_large_rounded_square,
          nicolae_shop_sticking_my_neck_out
D:7:      layout_basic, amcnicky_altar_gilded

Skill      XL: |  1  2  3  4  5  6  7  8 |
---------------+-------------------------+-----
Dodging        | 2 3 4 5 |  5.3
Fighting       | 3 4 5 6 |  6.3
Axes           | 4 5 6 7 8 |  8.4
Spellcasting   | |  2.0
Conjurations   | |  3.0

Action                     |  1- 3 |  4- 6 |  7- 9 || total
---------------------------+-------+-------+-------++-------
  Melee: Hand axe          |    13 |       |       ||    13
         War axe           |    97 |    99 |    78 ||   274
         Tailslap          |    10 |     6 |    14 ||    30
         Kick              |       |       |    13 ||    13
Ability: Breathe Acid      |       |       |    13 ||    13
  Evoke: Wand              |       |       |     2 ||     2
    Use: Scroll            |     1 |     7 |     2 ||    10
         Potion            |     1 |       |     6 ||     7
   Stab: Sleeping          |     1 |       |       ||     1
 Armour: Skin              |    15 |    26 |    55 ||    96
  Dodge: Dodged            |   106 |    71 |   112 ||   289
  Block: Kite shield       |    18 |    38 |    44 ||   100

Table legend: (Time is in decaauts)
 A = Elapsed time spent in this place.
 B = Non-inter-level travel time spent in this place.
 C = Inter-level travel time spent in this place.
 D = Time resting spent in this place.
 E = Time spent auto-exploring this place.
 F = Levels seen in this place.
 G = Mean time per level.
                   A        B        C        D        E       F      G
               +--------+--------+--------+--------+--------+-----+--------+
         Total |   4772 |   4491 |    281 |    721 |   2655 |   7 |  681.7 |
       Dungeon |   4772 |   4491 |    281 |    721 |   2655 |   7 |  681.7 |
               +--------+--------+--------+--------+--------+-----+--------+

Top non-repeatable levels by time:
     D:6: 1127 daAuts
     D:5: 1022 daAuts
     D:2: 945 daAuts
     D:1: 752 daAuts
     D:3: 606 daAuts
     D:4: 238 daAuts
     D:7: 79 daAuts
